 Dungeon Crawl Stone Soup version 0.21-a0-414-gba8bdf1 (webtiles) character file.

28967 Heskey the Fighter (level 13, -3/139 HPs)
             Began as a Troll Monk on Nov 1, 2017.
             Was an Elder of Wu Jian.
             Slain by an 11-headed hydra (10 damage)
             ... on level 14 of the Dungeon on Nov 2, 2017.
             The game lasted 00:47:43 (13421 turns).

Heskey the Fighter (Troll Monk)                    Turns: 13421, Time: 00:47:44

Health: -3/139     AC: 12    Str: 26    XL:     13   Next: 12%
Magic:  12/12      EV: 15    Int:  6    God:    Wu Jian [****..]
Gold:   782        SH:  0    Dex: 15    Spells: 12/12 levels left

rFire    . . .     SeeInvis +     - Unarmed
rCold    . . .     Gourm    +   (no shield)
rNeg     . . .     Faith    .   u - +0 acid dragon scales
rPois    .         Spirit   .   (helmet restricted)
rElec    .         Reflect  .   (no cloak)
rCorr    +         Harm     .   (gloves unavailable)
MR       .....                  (boots unavailable)
Stlth    +++.......             (no amulet)
HPRegen  0.73/turn              d - ring of see invisible
MPRegen  0.13/turn              t - +3 ring of dexterity (curse)

@: serpent's lash
A: unfitting armour, claws 3, slimy green scales 1, fast metabolism 3, gourmand,
regeneration 1, shaggy fur 1, tough skin 2, wild magic 1
a: Serpent's Lash, Renounce Religion


You were on level 14 of the Dungeon.
You worshipped Wu Jian.
Wu Jian was greatly pleased with you.
You were completely stuffed.

You visited 1 branch of the dungeon, and saw 15 of its levels.
You also visited: Sewer.

You collected 782 gold pieces.

Inventory:

Missiles
 c - 19 large rocks (quivered)
Armour
 u - +0 acid dragon scales (worn)
 E - a +0 troll leather armour
Jewellery
 d - a ring of see invisible (left claw)
 t - a cursed +3 ring of dexterity (right claw)
Wands
 a - a wand of paralysis (5/24)
 j - a wand of random effects (23/48)
 m - a wand of random effects (29/48)
 q - a wand of random effects (31/48)
 x - a wand of iceblast (8/15)
 y - a wand of lightning (10/15)
 A - a wand of disintegration (12/24)
 B - a wand of enslavement (19/24)
 C - a wand of polymorph (12/24)
 D - a wand of flame (30/48)
 F - a wand of confusion (33/48)
 G - a wand of confusion (35/48)
Scrolls
 e - 6 scrolls of remove curse
 f - 3 scrolls of enchant weapon
 n - 5 scrolls of magic mapping
 p - 9 scrolls of identify
Potions
 g - 7 potions of curing
 i - 4 potions of flight
 o - a potion of magic
 r - 4 potions of might
 s - 2 potions of lignification
 w - a potion of resistance
 I - a potion of invisibility
Books
 h - a Fen Folio

   Spells                             Type                      Level
   a - Corpse Rot                     Necromancy                   2
   b - Stone Arrow                    Conjuration/Earth            3
   c - Leda's Liquefaction            Hexes/Earth                  4
   d - Summon Forest                  Summoning/Translocation      5
   e - Hydra Form                     Transmutation                6
   f - Summon Hydra                   Summoning                    7
 z - a book of Misfortune

   Spells                             Type                      Level
   a - Confusing Touch                Hexes                        1
   b - Confuse                        Hexes                        3
   c - Gell's Gravitas                Translocation                3
   d - Petrify                        Transmutation/Earth          4
   e - Metabolic Englaciation         Hexes/Ice                    5
   f - Yara's Violent Unravelling     Hexes/Transmutation          5
 H - a book of Power

   Spells                             Type                      Level
   a - Iskenderun's Battlesphere      Conjuration/Charms           5
   b - Venom Bolt                     Conjuration/Poison           5
   c - Bolt of Magma                  Conjuration/Fire/Earth       5
   d - Iron Shot                      Conjuration/Earth            6
   e - Orb of Destruction             Conjuration                  7
   f - Spellforged Servitor           Conjuration/Summoning        7
 K - a book of Frost

   Spells                             Type                      Level
   a - Freeze                         Ice                          1
   b - Throw Frost                    Conjuration/Ice              2
   c - Ozocubu's Armour               Charms/Ice                   3
   d - Throw Icicle                   Conjuration/Ice              4
   e - Summon Ice Beast               Ice/Summoning                4
Comestibles
 b - 2 bread rations
 k - 8 royal jellies
 l - a meat ration
 v - 22 fruits
 L - 8 chunks of flesh


   Skills:
 * Level 11.9 Fighting
 + Level 3.9 Armour
 + Level 8.7 Dodging
 + Level 6.4 Stealth
 + Level 10.4 Unarmed Combat


You had 12 spell levels left.
You didn't know any spells.

Dungeon Overview and Level Annotations

Branches:
Dungeon (15/15)            Temple (0/1) D:6            Lair (0/6) D:11
    Orc (0/2) D:9          Vaults (0/5) D:13
 Depths: D:15

Altars:
Makhleb
Ru
Vehumet
Wu Jian
Xom
The Shining One

Shops:
D:6 }

Annotations:
D:7 Prince Ribbit
D:11 exclusion: 3 oklob plants


Innate Abilities, Weirdness & Mutations

You are too large for most types of armour.
You have claws for hands.
Your metabolism is lightning-fast.
You like to eat raw meat.
Your natural rate of healing is unusually fast.
You are covered in fur. (AC +1)
You have very tough skin. (AC +2)
You are partially covered in slimy green scales. (AC +2)
Your spells are a little harder to cast, but a little more powerful.


Message History

The ten-headed hydra bites you but does no damage.
Unknown command.
You tear one of the ten-headed hydra's heads off!
The nine-headed hydra grows two more!
You mangle the 11-headed hydra!! You claw the 11-headed hydra.
The 11-headed hydra is almost dead.
The 11-headed hydra bites you but does no damage.
The 11-headed hydra bites you. x3; The 11-headed hydra misses you.
The 11-headed hydra bites you! x2
* * * LOW HITPOINT WARNING * * *
The 11-headed hydra bites you!
* * * LOW HITPOINT WARNING * * *
The 11-headed hydra closely misses you. The 11-headed hydra bites you.
* * * LOW HITPOINT WARNING * * *
The 11-headed hydra bites you.
* * * LOW HITPOINT WARNING * * *
The 11-headed hydra bites you!
* * * LOW HITPOINT WARNING * * *
The 11-headed hydra bites you!
You die...

#.#
#................#
#.#
#.......(†.......#
#.#
#.......(........#
..# #.#
#.#####..#######.#
..# #.# #.# #.(#
#.# ..# #.# #.#
#..# #D# D.# #.#
#.# #.(# #.# ...
#.# #.# #.D# #.#
... #.####.# #.@#
#.#####...
#......# #..#
#...D.....
######.# #..#
#..#####.. #.#
#..# #..# . #.#
#..# #..# #.# #..#
#..# #.# #..# #..#
#.#####..# #..#
#>.......# #..#


You could see a 11-headed hydra.

Vanquished Creatures
  Erolcha (D:9)
  A vault guard (D:13)
  Erica (D:9)
  8 two-headed ogres
  4 slime creatures
  An unseen horror (D:10)
  A wolf spider zombie (D:13)
  5 cyclopes
  5 ugly things
  2 centaur zombies
  A komodo dragon (D:11)
  3 kobold demonologists
  A freezing wraith (D:13)
  4 trolls
  A meliai zombie (D:12)
  2 dream sheep (D:11)
  4 hippogriffs
  9 yaks
  Sigmund (D:6)
  2 vampires
  3 wyverns
  2 shadows
  Grum (D:9)
  3 hungry ghosts
  Eustachio (D:4)
  3 vampire mosquitoes (D:12)
  Menkaure (D:6)
  2 acid dragons
  A soldier ant (D:12)
  2 water moccasins
  Purgy (Sewer)
  2 hornet zombies
  4 sky beasts
  2 black bears (D:8)
  An eye of draining (D:13)
  4 orc warriors
  5 ice beasts
  5 phantoms
  2 wolves (D:9)
  8 centaurs
  A necrophage (D:7)
  10 ogres
  A crocodile (D:11)
  3 big kobolds (D:11)
  7 bullfrogs
  A wyvern zombie (D:11)
  A gnoll sergeant (D:4)
  4 scorpions
  5 wights (D:7)
  An electric eel (D:14)
  5 howler monkeys
  5 crimson imps
  2 bullfrog zombies
  5 jellies
  6 orc priests
  2 centaur skeletons
  9 hounds
  8 orc wizards
  Jessica (D:3)
  4 bullfrog skeletons
  6 iguanas
  14 worker ants
  A killer bee zombie (D:5)
  A hound skeleton (D:7)
  A worker ant zombie (D:7)
  14 adders
  13 gnolls
  2 river rats (D:4)
  2 shadow imps
  2 adder skeletons
  4 worms
  A dart slug (D:1)
  4 leopard geckos
  37 orcs
  4 ball pythons
  12 bats
  6 giant cockroaches
  11 goblins
  8 hobgoblins
  16 jackals
  6 quokkas
  A ball python skeleton (D:4)
  12 frilled lizards
  A giant cockroach zombie (D:6)
  16 kobolds
  A quokka zombie (D:9)
  14 rats
401 creatures vanquished.

Vanquished Creatures (others)
  6 plants (D:11)
6 creatures vanquished.

Grand Total: 407 creatures vanquished

Notes
Turn   | Place    | Note
-------+----------+-------------------------------------------
     0 | D:1      | Heskey the Troll Monk began the quest for the Orb.
     0 | D:1      | Reached XP level 1. HP: 22/22 MP: 0/0
   230 | D:1      | Reached XP level 2. HP: 29/29 MP: 1/1
   885 | D:2      | Noticed a scorpion
   887 | D:2      | Reached XP level 3. HP: 33/36 MP: 2/2
   895 | D:2      | Killed a scorpion
   895 | D:2      | Reached skill level 3 in Fighting
   895 | D:2      | Reached XP level 4. HP: 30/45 MP: 3/3
  1159 | D:2      | Reached XP level 5. HP: 44/53 MP: 4/4
  1412 | D:2      | Found a faded altar of an unknown god.
  1657 | D:3      | Found an ornate altar of the Wu Jian Council.
  1743 | D:3      | Became a worshipper of the Wu Jian Council
  1743 | D:3      | Reached * piety under Wu Jian
  1743 | D:3      | Reached ** piety under Wu Jian
  1856 | D:3      | Noticed Jessica
  1862 | D:3      | Killed Jessica
  1862 | D:3      | Reached skill level 4 in Fighting
  1875 | D:3      | Reached XP level 6. HP: 62/62 MP: 5/5
  2190 | D:4      | Noticed Eustachio
  2203 | D:4      | Killed Eustachio
  2209 | D:4      | Gained mutation: Your spells are a little harder to cast, but a little more powerful. [potion of mutation]
  2209 | D:4      | Gained mutation: Your magical capacity is low. (-10% MP) [potion of mutation]
  2209 | D:4      | Gained mutation: You are partially covered in slimy green scales. (AC +2) [potion of mutation]
  2209 | D:4      | Lost mutation: Your magical capacity is low. (-10% MP) [potion of mutation]
  2302 | D:4      | Found a burning altar of Makhleb.
  2331 | D:4      | Noticed an orc warrior
  2339 | D:4      | Reached XP level 7. HP: 41/71 MP: 6/6
  2353 | D:4      | Reached *** piety under Wu Jian
  2469 | D:4      | Found a sacrificial altar of Ru.
  2494 | D:4      | Reached skill level 5 in Fighting
  2668 | D:4      | Reached skill level 5 in Unarmed Combat
  2727 | D:4      | Reached XP level 8. HP: 69/81 MP: 7/7
  2793 | D:4      | Found a glowing drain.
  2800 | Sewer    | Entered a sewer
  2801 | Sewer    | Upgraded the game from 0.21-a0-405-gf2af9a1 to 0.21-a0-414-gba8bdf1
  2862 | Sewer    | Noticed Purgy
  2873 | Sewer    | Killed Purgy
  2930 | Sewer    | Reached **** piety under Wu Jian
  3208 | D:5      | Entered Level 5 of the Dungeon
  3377 | D:5      | Reached skill level 6 in Fighting
  3496 | D:5      | Found a shimmering altar of Xom.
  4031 | D:6      | Found Paug's Gadget Emporium.
  4307 | D:6      | Reached XP level 9. HP: 77/92 MP: 8/8
  4359 | D:6      | Noticed a two-headed ogre
  4377 | D:6      | Killed a two-headed ogre
  4377 | D:6      | Reached skill level 7 in Fighting
  4377 | D:6      | Reached skill level 5 in Dodging
  4529 | D:6      | Noticed Menkaure
  4541 | D:6      | Killed Menkaure
  4821 | D:6      | Noticed Sigmund
  4837 | D:6      | Killed Sigmund
  4982 | D:6      | Found a glowing golden altar of the Shining One.
  5140 | D:6      | Found a staircase to the Ecumenical Temple.
  5309 | D:7      | Reached skill level 8 in Fighting
  5597 | D:7      | Noticed Prince Ribbit
  5964 | D:7      | Reached XP level 10. HP: 70/104 MP: 9/9
  6420 | D:8      | Noticed a two-headed ogre
  6429 | D:8      | Killed a two-headed ogre
  6533 | D:8      | Reached ***** piety under Wu Jian
  6924 | D:8      | Reached skill level 9 in Fighting
  7223 | D:9      | Noticed Erica
  7230 | D:9      | Killed Erica
  7433 | D:9      | Found a staircase to the Orcish Mines.
  7458 | D:9      | Noticed Erolcha
  7472 | D:9      | Paralysed by Erolcha for 2 turns
  7477 | D:9      | Killed Erolcha
  7477 | D:9      | Reached XP level 11. HP: 108/115 MP: 10/10
  7553 | D:9      | Noticed Grum
  7572 | D:9      | Killed Grum
  7822 | D:10     | Entered Level 10 of the Dungeon
  7822 | D:10     | Noticed an unseen horror
  7827 | D:10     | Killed an unseen horror
  7827 | D:10     | Reached skill level 5 in Stealth
  8305 | D:10     | Noticed a two-headed ogre
  8313 | D:10     | Killed a two-headed ogre
  8534 | D:11     | Noticed a two-headed ogre
  8699 | D:11     | Reached skill level 10 in Fighting
  8706 | D:11     | Noticed a two-headed ogre
  8715 | D:11     | Killed a two-headed ogre
  9019 | D:11     | Found a staircase to the Lair.
  9020 | D:11     | Noticed an oklob plant
  9022 | D:11     | Noticed an oklob plant
  9166 | D:11     | HP: 5/118 [centaur/arrow (10)]
  9486 | D:11     | Noticed an oklob plant
  9634 | D:11     | Noticed a three-headed hydra
  9645 | D:11     | Noticed a brown ugly thing
  9646 | D:11     | Noticed a white ugly thing
 10518 | D:12     | Reached skill level 1 in Armour
 10518 | D:12     | Reached XP level 12. HP: 65/128 MP: 11/11
 10763 | D:12     | Noticed a two-headed ogre
 10770 | D:12     | Killed a two-headed ogre
 11012 | D:13     | Noticed a two-headed ogre
 11109 | D:13     | Reached skill level 11 in Fighting
 11167 | D:13     | Killed a two-headed ogre
 11247 | D:13     | HP: 3/130 [sixfirhy[a kobold demonologist] (12)]
 11552 | D:13     | Noticed a vault guard
 11556 | D:13     | Found a gate to the Vaults.
 11646 | D:13     | Killed a vault guard
 11646 | D:13     | Reached skill level 10 in Unarmed Combat
 12055 | D:13     | Noticed a two-headed ogre
 12064 | D:13     | Killed a two-headed ogre
 13000 | D:14     | Found a radiant altar of Vehumet.
 13039 | D:14     | Reached XP level 13. HP: 139/139 MP: 12/12
 13083 | D:15     | Entered Level 15 of the Dungeon
 13421 | D:14     | Slain by an 11-headed hydra

Vault maps used:
D:1:      nagdon_arrival_zigzag_paths, minmay_quantized
D:2:      chequers_ecumenical_altar_simple_redux
D:3:      kennysheep_flooded_box, minmay_three_crescents, uniq_jessica
D:4:      nicolae_ru_path_of_blood, lemuel_doored_altar, portal_sewer_entry_e,
          first_bread, minmay_item_behind_shaft, lightli_minifort,
          uniq_eustachio
D:5:      brannock_xom_greatest_gift
D:6:      nicolae_tso_swordbearing_angel, lemuel_temple_firewalk_b,
          serial_shops, shop, uniq_sigmund, uniq_menkaure
D:7:      uniq_prince_ribbit1
D:8:      minmay_ornate_pinched
D:9:      orc_0_dummy, uniq_erolcha, uniq_grum, uniq_erica
D:11:     dpeg_oklobed_lair, hangedman_ranch, hangedman_abyss_or_decor_stabs
D:12:     evilmike_surprise_oklob
D:13:     david_vaults_5
D:14:     fountainhead, portal_ice_cave_rime, basic_altar, uniq_louise
D:15:     hangedman_slaughterboxes
Sewer:    sewer_co_purgy_island

Skill      XL: |  1  2  3  4  5  6  7  8  9 10 11 12 |
---------------+-------------------------------------+-----
Fighting       | 3 4 5 6 8 9 10 11 | 11.9
Dodging        | 3 4 5 6 7 8 |  8.7
Unarmed Combat | 4 5 6 7 8 9 10 | 10.4
Stealth        | 2 3 4 5 6 |  6.4
Armour         | 1 3 |  3.9

Action                   |  1- 3 |  4- 6 |  7- 9 | 10-12 | 13-15 || total
-------------------------+-------+-------+-------+-------+-------++-------
Melee: Unarmed           |    78 |   199 |   327 |   760 |    52 ||  1416
       Punch             |     2 |     6 |    13 |    36 |     7 ||    64
Throw: Large rock        |       |       |       |     3 |     3 ||     6
       Throwing net      |       |       |       |     3 |     1 ||     4
Invok: Serpent's Lash    |       |       |     2 |     9 |     2 ||    13
       Heavenly Storm    |       |       |       |     1 |       ||     1
  Use: Potion            |       |     9 |     2 |     4 |       ||    15
       Scroll            |       |     5 |     5 |     7 |       ||    17
 Stab: Sleeping          |       |     4 |    13 |    21 |     1 ||    39
       Distracted        |       |     1 |       |     5 |       ||     6
  Eat: Chunk             |     3 |    22 |    26 |    63 |    12 ||   126
       Royal jelly       |     1 |       |       |       |       ||     1
       Bread ration      |       |       |     1 |     1 |       ||     2
       Meat ration       |       |       |       |     1 |       ||     1
Armor: Robe              |    21 |    71 |    79 |    72 |       ||   243
       Troll leather arm |       |       |       |    63 |       ||    63
       Acid dragon scale |       |       |       |    13 |    19 ||    32
Dodge: Dodged            |    38 |   139 |   161 |   488 |    45 ||   871

Table legend:
 A = Spawn XP
 B = Non-spawn XP
 C = Spawn XP percentage of total XP
 D = Spawn monster count
 E = Non-spawn monster count
 F = Spawn count percentage of total count
 G = Total turns spent on level
                    A         B        C        D         E        F      G
               +---------+---------+-------+---------+---------+-------+---------
         Total |       0 |   41382 |   0.0 |       0 |     401 |   0.0 | 13421
               +---------+---------+-------+---------+---------+-------+---------
           D:1 |       0 |      37 |   0.0 |       0 |      22 |   0.0 |   822
           D:2 |       0 |     212 |   0.0 |       0 |      28 |   0.0 |   739
           D:3 |       0 |     207 |   0.0 |       0 |      44 |   0.0 |   626
           D:4 |       0 |    1015 |   0.0 |       0 |      39 |   0.0 |   883
           D:5 |       0 |     747 |   0.0 |       0 |      13 |   0.0 |   745
           D:6 |       0 |    1999 |   0.0 |       0 |      23 |   0.0 |  1168
           D:7 |       0 |    1323 |   0.0 |       0 |      19 |   0.0 |  1106
           D:8 |       0 |    3065 |   0.0 |       0 |      42 |   0.0 |   928
           D:9 |       0 |    2895 |   0.0 |       0 |      19 |   0.0 |   612
          D:10 |       0 |    2736 |   0.0 |       0 |      20 |   0.0 |   874
          D:11 |       0 |    3684 |   0.0 |       0 |      28 |   0.0 |   952
          D:12 |       0 |    5775 |   0.0 |       0 |      30 |   0.0 |  1403
          D:13 |       0 |   11922 |   0.0 |       0 |      47 |   0.0 |  1594
          D:14 |       0 |    5609 |   0.0 |       0 |      18 |   0.0 |   772
         Sewer |       0 |     156 |   0.0 |       0 |       9 |   0.0 |   193
               +---------+---------+-------+---------+---------+-------+---------
